 Dungeon Crawl Stone Soup version 0.25.0-9-g26727b657a (webtiles) character file.

Game seed: 387474818828496579

54 mopl the Chopper (level 3, 2/27 HPs)
             Began as a Demonspawn Gladiator on June 18, 2020.
             Was a Follower of Ashenzari.
             Quit the game on level 2 of the Dungeon.
             The game lasted 00:01:47 (1353 turns).

mopl the Chopper (Demonspawn Gladiator)             Turns: 1353, Time: 00:01:48

Health: 2/27       AC: 11    Str: 15    XL:     3   Next: 66%
Magic:  3/3        EV:  4    Int:  9    God:    Ashenzari [*.....]
Gold:   89         SH:  0    Dex: 14    Spells: 2/2 levels left

rFire    + . .     SeeInvis .   a - +0 war axe
rCold    . . .     Gourm    .   (no shield)
rNeg     . . .     Faith    .   g - +0 plate armour
rPois    .         Spirit   .   c - +0 helmet
rElec    .         Reflect  .   (no cloak)
rCorr    .         Harm     .   (no gloves)
MR       .....                  (no boots)
Stlth    ..........             (no amulet)
HPRegen  0.09/turn              (no ring)
MPRegen  0.08/turn              (no ring)

@: lethally poisoned (2 -> -4), very slightly contaminated, invisible
A: fire resistance 1
a: Curse Item, Scrying, Renounce Religion


You were on level 2 of the Dungeon.
You worshipped Ashenzari.
Ashenzari was aware of your devotion.
You were hungry.

You visited 1 branch of the dungeon, and saw 2 of its levels.

You collected 89 gold pieces.

Inventory:

Hand Weapons
 a - a +0 war axe (weapon)
Missiles
 d - 3 throwing nets (quivered)
Armour
 c - a +0 helmet (worn)
 g - a +0 plate armour (worn)
Jewellery
 j - an uncursed ring of wizardry
Scrolls
 e - a scroll of remove curse
 h - 2 scrolls of identify {unknown}
Comestibles
 b - 4 chunks of flesh
 f - 2 rations


   Skills:
 - Level 2.0 Fighting
 + Level 4.2 Axes
 - Level 1.7 Throwing
 - Level 2.6 Dodging


You had 2 spell levels left.
You didn't know any spells.
Your spell library was empty.

Dungeon Overview and Level Annotations

Branches:
Dungeon (2/15)

Altars:
Ashenzari


Innate Abilities, Weirdness & Mutations

Your flesh is heat resistant. (rF+)


Message History

* * * LOW HITPOINT WARNING * * *
You feel sick.
The goblin throws a poisoned dart.
The poisoned dart hits the worm.
The worm looks even sicker.
Unknown command.
* * * LOW HITPOINT WARNING * * *
You feel sick.
The worm dies!
Unknown command.
The goblin hits you but does no damage.
Unknown command.
You slash the goblin!
You kill the goblin!
* * * LOW HITPOINT WARNING * * *
You feel sick.
Unknown command.
* * * LOW HITPOINT WARNING * * *
You feel sick.
* * * LOW HITPOINT WARNING * * *
You feel sick.
Are you sure you want to abandon this character and quit the game? (Confirm with "yes".)

.#.#.####.####.####..........##
...#......####.###............##
.########......##..............##
..# ########................#
#.## #.................. ##.##
#.......####....... ##.##
..####....(.## ##...... ##.#
.....'....(.# #...... ##.##
#.'.@...[# #...... ##.##
###....).## ##....รทรท #.##
#.......####....... .##
#.................. .#
##......(....)....# .#
##..............## .#
##............## .#
##..........## .# ##....(...##


There were no monsters in sight!

Vanquished Creatures
  An adder (D:2)
  3 worms (D:2)
  2 dart slugs (D:1)
  2 giant cockroaches (D:2)
  4 goblins
  4 hobgoblins
  4 kobolds
  A quokka (D:2)
  5 bats
  2 frilled lizards
  A rat (D:1)
29 creatures vanquished.

Vanquished Creatures (others)
  A worm (D:2)
1 creature vanquished.

Grand Total: 30 creatures vanquished

Notes
Turn   | Place    | Note
-------+----------+-------------------------------------------
     0 | D:1      | mopl the Demonspawn Gladiator began the quest for the Orb.
     0 | D:1      | Reached XP level 1. HP: 16/16 MP: 1/1
   119 | D:1      | Reached skill level 3 in Axes
   393 | D:1      | Gained mutation: Your flesh is heat resistant. (rF+)
                  | [demonic ancestry]
   393 | D:1      | Reached XP level 2. HP: 22/22 MP: 2/2
  1140 | D:2      | Found a faded altar of an unknown god.
  1154 | D:2      | Became a worshipper of Ashenzari the Shackled
  1154 | D:2      | Reached * piety under Ashenzari
  1165 | D:2      | Reached XP level 3. HP: 21/27 MP: 3/3
  1191 | D:2      | Reached skill level 4 in Axes
  1353 | D:2      | Quit the game

Illustrated notes

Levels and vault maps discovered:
D:1:      sevenhm_arrival_forest_fort_small_4, layout_basic
D:2:      layout_loops_cross, chequers_ecumenical_altar_simple_redux,
          kennysheep_big_empty_room

Skill      XL: |  1  2  3 |
---------------+----------+-----
Axes           | 3 4 |  4.2
Fighting       | |  2.0
Throwing       | |  1.7
Dodging        | |  2.6

Action                   || total
-------------------------++-------
Melee: War axe           ||   113
  Use: Potion            ||     2
 Stab: Sleeping          ||     1
       Invisible         ||     1
  Eat: Chunk             ||     1
Armor: Leather armour    ||    18
       Plate armour      ||    60
Dodge: Dodged            ||    56
